 Dungeon Crawl Stone Soup version 0.18-a0-844-g9229740 (webtiles) character file.

1915 root the Spear-Bearer (level 8, -2/74 HPs)
             Began as a Minotaur Chaos Knight on Dec 19, 2015.
             Killed by divine providence
             ... invoked by an orc priest
              (12 damage)
             ... on level 6 of the Dungeon.
             The game lasted 00:26:18 (7038 turns).

root the Spear-Bearer (Minotaur Chaos Knight)       Turns: 7038, Time: 00:26:19

Health: -2/74      AC: 10    Str: 16    XL:     8   Next: 95%
Magic:  7/7        EV: 15    Int:  9    God:    Xom [*.....]
Gold:   268        SH:  0    Dex: 13    Spells: 0 memorised, 7 levels left

rFire  . . .     SeeInvis .     a - +0 spear (chaos)
rCold  . . .     Gourm    .     b - +2 leather armour
rNeg   . . .     Faith    .     (no shield)
rPois  +         Spirit   .     (helmet restricted)
rElec  .         Dismiss  .     (no cloak)
rCorr  .         Reflect  .     p - +0 pair of gloves
SustAt .         Harm     .     x - +2 pair of boots
MR     .....                    (no amulet)
Stlth  +.........               (no ring)
                                A - ring of poison resistance

@: not resistant to hostile enchantments, very unstealthy
A: retaliatory headbutt, horns 2, no device heal 1
a: Renounce Religion


You were on level 6 of the Dungeon.
You worshipped Xom.
You were a special plaything of Xom.
You were not hungry.

You visited 1 branch of the dungeon, and saw 6 of its levels.

You collected 268 gold pieces.

Inventory:

Hand Weapons
 a - a +0 spear of chaos (weapon)
 E - a +0 spear of piercing
 I - a +0 spear of freezing
Missiles
 v - 15 tomahawks (quivered)
Armour
 b - a +2 leather armour (worn)
 p - a +0 pair of gloves (worn)
 x - a +2 pair of boots (worn)
Magical Staves
 F - an uncursed staff of conjuration {unknown}
Jewellery
 t - an uncursed ring of magical power
 A - a ring of poison resistance (left hand)
 H - an uncursed amulet of faith
Scrolls
 d - 2 scrolls of recharging
 e - 3 scrolls of remove curse
 f - a scroll of amnesia {unknown}
 g - 2 scrolls of random uselessness {unknown}
 k - a scroll of enchant armour {unknown}
 m - 5 scrolls of identify {unknown}
 r - a scroll of fog {unknown}
 y - 2 scrolls of teleportation {unknown}
 B - 2 scrolls of magic mapping {unknown}
 D - a scroll of immolation {unknown}
 G - a scroll of torment {unknown}
Potions
 h - 3 potions of magic {unknown}
 i - a potion of degeneration {unknown}
 j - a potion of might {unknown}
 l - 2 potions of curing {unknown}
 n - 2 potions of heal wounds {unknown}
 q - a potion of cancellation {unknown}
 s - a potion of poison {unknown}
 u - 2 potions of agility {unknown}
 C - a potion of ambrosia {unknown}
 J - a potion of invisibility {unknown}
 K - a potion of berserk rage {unknown}
 L - 2 potions of haste {unknown}
Comestibles
 c - 6 bread rations
 o - a meat ration
 w - 10 fruits


   Skills:
 + Level 7.9 Fighting
 + Level 8.4 Polearms
 + Level 1.2 Throwing
 + Level 4.8 Armour
 + Level 7.3 Dodging
 - Level 1.0 Stealth


You had 7 spell levels left.
You didn't know any spells.

Dungeon Overview and Level Annotations

Branches:
Dungeon (6/15)             Temple (0/1) D:5

Altars:
Kikubaaqudgha
Makhleb
Pakellas
Xom
Zin

Annotations:
D:5 George's ghost, novice HOGl


Innate Abilities, Weirdness & Mutations

You reflexively headbutt those who attack you in melee.
You have a pair of horns on your head.
Potions and wands are less effective at restoring your health.


Message History

The orc warrior is lightly wounded.
You hit the orc warrior but do no damage.
Your headbutt misses the orc warrior.
The orc warrior is lightly wounded.
The orc warrior hits you with a scimitar!
* * * LOW HITPOINT WARNING * * *
The orc wizard casts a spell at you. The magic dart hits you!
* * * LOW HITPOINT WARNING * * *
The orc wizard casts a cantrip, but nothing happens.
An orc priest comes into view. It is wielding a whip.
There is a stone staircase leading up, spattered with blood here.
The orc wizard casts a spell at you. The magic dart hits you!
* * * LOW HITPOINT WARNING * * *
The orc priest shouts!
The orc priest mumbles some strange prayers to Beogh against you.
Something smites you!
You die...
Xom bursts into laughter!

######...# #####..P......
#....P♣.≈≈..♣. #.....≈≈♣≈≈..P
########### ####....♣♣≈≈≈≈...
#.........####....P...≈♣≈≈≈≈P.
####...................♣..≈♣♣≈♣..
..................o...o.P..♣♣....
....^^^.........@.o..#...♣.......
....^_^.####.........#...........
....^.^..............o...o.....[.
.........................).......
................#####............
................#####............
###.............##............#..
#.......##.....#............#..
#.....####..................#..


You could see an orc warrior, an orc priest, an orc wizard and an orc.

Vanquished Creatures
  The ghost of Kolbur the Sneak, an amateur KoAs (D:3)
  An ice beast (D:5)
  2 phantoms
  A sky beast (D:6)
  An ogre (D:5)
  A centaur (D:4)
  2 giant frogs
  A scorpion (D:6)
  2 wights (D:6)
  4 electric eels (D:6)
  3 orc priests
  2 centaur zombies (D:6)
  2 giant frog zombies (D:6)
  A hound (D:5)
  2 centaur skeletons (D:4)
  3 iguanas
  An orc wizard (D:6)
  4 worker ants
  A gnoll shaman (D:5)
  A hound skeleton (D:5)
  7 gnolls
  11 adders
  A river rat (D:6)
  2 shadow imps
  3 worms
  14 orcs
  3 ball pythons
  6 bats
  4 giant cockroaches
  11 goblins
  6 hobgoblins
  14 jackals
  3 quokkas
  7 giant geckos
  A giant gecko zombie (D:5)
  A giant newt (shapeshifter) (D:2)
  5 giant newts
  7 kobolds
  A quokka skeleton (D:6)
  5 rats
  A plant (D:3)
149 creatures vanquished.

Vanquished Creatures (others)
  A wight (D:6)
  A goblin (D:2)
  A plant (D:6)
3 creatures vanquished.

Grand Total: 152 creatures vanquished

Notes
Turn   | Place    | Note
--------------------------------------------------------------
     0 | D:1      | root the Minotaur Chaos Knight began the quest for the Orb.
     0 | D:1      | Reached XP level 1. HP: 19/19 MP: 0/0
     0 | D:1      | Noticed a ghoul
     2 | D:1      | Noticed a troll zombie
     2 | D:1      | Noticed a centaur zombie
     4 | D:1      | Noticed a minotaur
     5 | D:1      | Noticed a troll zombie
     6 | D:1      | Noticed a naga
     7 | D:1      | Noticed a naga
    10 | D:1      | Noticed a troll zombie
    12 | D:1      | Noticed a draconian
    14 | D:1      | Noticed a troll zombie
    16 | D:1      | Noticed a draconian zombie
    85 | D:1      | XOM: potion effect (berserk rage)
    88 | D:1      | Reached skill level 4 in Fighting
    92 | D:1      | Reached XP level 2. HP: 27/27 MP: 1/1
   177 | D:1      | XOM: blink monster(s)
   443 | D:1      | XOM: 1-stop teleportation journey
   580 | D:1      | XOM: scenery: 1 doors open, 1 doors close
   591 | D:1      | Reached XP level 3. HP: 25/33 MP: 2/2
  1028 | D:2      | XOM: divination: magic mapping
  1269 | D:2      | XOM: mild Divn miscast
  1410 | D:2      | XOM: polymorph kobold -> worker ant
  1412 | D:2      | XOM: enchant monster (bad)
  1418 | D:2      | XOM: 2-stop teleportation journey
  1420 | D:2      | XOM: polymorph rat -> giant newt
  1469 | D:2      | Gained mutation: Potions and wands are less effective at restoring your health. [mutagenic meat]
  1541 | D:2      | Reached XP level 4. HP: 41/41 MP: 3/3
  1552 | D:2      | Reached skill level 5 in Fighting
  1763 | D:3      | XOM: cast spell 'Confusing Touch'
  1867 | D:3      | XOM: harmless Hex miscast
  1986 | D:3      | Found an ancient bone altar of Kikubaaqudgha.
  2011 | D:3      | XOM: mild Ice miscast
  2050 | D:3      | Noticed a phantom
  2068 | D:3      | XOM: medium Trmt miscast
  2106 | D:3      | Killed a phantom
  2106 | D:3      | Reached skill level 5 in Polearms
  2106 | D:3      | Reached skill level 1 in Stealth
  2106 | D:3      | Reached XP level 5. HP: 29/48 MP: 4/4
  2113 | D:3      | Noticed Kolbur's ghost (amateur KoAs)
  2114 | D:3      | XOM: harmless Chrm miscast
  2120 | D:3      | XOM: enchant monster (bad)
  2149 | D:3      | XOM: enchant monster (good)
  2153 | D:3      | Killed Kolbur's ghost
  2153 | D:3      | Reached XP level 6. HP: 42/57 MP: 5/5
  2212 | D:3      | XOM: 1-stop teleportation journey
  2699 | D:4      | Reached skill level 6 in Fighting
  3037 | D:4      | Reached XP level 7. HP: 63/63 MP: 6/6
  3065 | D:4      | XOM: harmless Hex miscast
  3369 | D:5      | Entered Level 5 of the Dungeon
  3637 | D:5      | Reached skill level 1 in Throwing
  3663 | D:5      | Noticed George's ghost (novice HOGl)
  3663 | D:5      | Found a staircase to the Ecumenical Temple.
  3720 | D:5      | XOM: colour smoke trail
  3886 | D:5      | XOM: noise
  3903 | D:5      | XOM: potion effect (berserk rage)
  3967 | D:5      | Found a glowing silver altar of Zin.
  3970 | D:5      | Found an oddly glowing altar of Pakellas.
  3972 | D:5      | Found a burning altar of Makhleb.
  4271 | D:5      | Reached skill level 7 in Polearms
  4411 | D:5      | XOM: blink monster(s)
  4535 | D:5      | XOM: cast spell 'Warp Weapon'
  4580 | D:5      | Reached skill level 5 in Dodging
  4580 | D:5      | Reached XP level 8. HP: 54/71 MP: 7/7
  4985 | D:6      | Found a shimmering altar of Xom.
  4991 | D:6      | XOM: mild Pois miscast
  5078 | D:6      | XOM: enchant monster (good)
  5235 | D:5      | XOM: cast spell 'Hydra Form'
  5323 | D:6      | XOM: mild Chrm miscast
  5406 | D:6      | XOM: harmless Hex miscast
  5548 | D:6      | Reached skill level 8 in Polearms
  6162 | D:6      | XOM: cast spell 'Ice Form'
  6378 | D:6      | XOM: god gift: runed war axe {god gift}
  6628 | D:5      | XOM: polymorph sky beast -> sky beast
  6640 | D:6      | XOM: smoke on damage
  6716 | D:6      | XOM: mild Ice miscast
  6792 | D:5      | HP: 1/74 [George's ghost (12)]
  6809 | D:6      | XOM: medium Ice miscast
  7038 | D:6      | Killed from afar by an orc priest

Vault maps used:
D:1:      shiori_arrival_whats_in_store_for_you, st_stairs_13
D:3:      nicolae_overflow_hidden_temple, guppyfry_early_lair_pool
D:4:      hangedman_decor_peaks_small
D:5:      grunt_temple_overflow_open, minmay_temple_entry_from_below_b,
          first_bread, minmay_misc_feat_four_crosses
D:6:      serial_bayou, serial_bayou_lake_a, serial_bayou_ford_a,
          serial_bayou_pond_c, serial_bayou_pond_a, xom_teletrap_fun

Action                   |  1- 3 |  4- 6 |  7- 9 || total
-------------------------+-------+-------+-------++-------
Melee: Spear             |   109 |   196 |   356 ||   661
Throw: Tomahawk          |       |     3 |       ||     3
  Use: Scroll            |       |       |     2 ||     2
 Stab: Petrifying        |     1 |       |       ||     1
       Paralysed         |       |     6 |     1 ||     7
       Distracted        |       |       |     1 ||     1
       Petrified         |       |       |     1 ||     1
  Eat: Chunk             |     4 |     5 |    12 ||    21
       Fruit             |       |       |     1 ||     1
